 Dungeon Crawl Stone Soup version 0.26-a0-660-gc07710193c (webtiles) character file.

Game seed: 2214392312660346302

14060 Bikalo the Whirler (level 12, -1/126 HPs)
             Began as a Halfling Hunter on Oct 8, 2020.
             Was a High Priest of Okawaru.
             Slain by a sixfirhy (2 damage)
             ... summoned by Frances
             ... on level 12 of the Dungeon.
             The game lasted 00:29:31 (16937 turns).

Bikalo the Whirler (Halfling Hunter)               Turns: 16937, Time: 00:29:32

Health: -1/126     AC: 26    Str: 13    XL:     12   Next: 40%
Magic:  0/12       EV:  3    Int:  9    God:    Okawaru [*****.]
Gold:   655        SH:  6    Dex: 20    Spells: 11/11 levels left

rFire    . . .     SeeInvis .   b - +1 dagger (venom)
rCold    . . .     Faith    .   K - +0 buckler
rNeg     + + +     Spirit   +   (armour currently unavailable)
rPois    +         Reflect  .   (helmet currently unavailable)
rElec    .         Harm     .   (cloak currently unavailable)
rCorr    .         Rampage  .   (gloves currently unavailable)
MR       .....     NoTele   +   (boots currently unavailable)
Stlth    ++........             q - amulet of guardian spirit
HPRegen  0.31/turn              D - +4 ring of slaying
MPRegen  0.13/turn              B - +4 ring of evasion

@: mighty, tree-form
A: small, mutation resistance 1
a: Heroism, Finesse, Renounce Religion


You were on level 12 of the Dungeon.
You worshipped Okawaru.
Okawaru was extremely pleased with you.
You were a tree.
You visited 1 branch of the dungeon, and saw 12 of its levels.

You collected 780 gold pieces.
You spent 125 gold pieces at shops.

Inventory:

Hand Weapons
 a - a +1 hunting sling
 b - a +1 dagger of venom (weapon)
 l - a +0 short sword of draining
Missiles
 d - 70 sling bullets
 e - 409 stones (quivered)
Armour
 c - a +0 leather armour
 m - a +2 pair of boots (melded)
 G - a +0 cloak (melded)
 J - the +2 plate armour of Morchakust (melded) {rF+ Str+3 SInv}
   (Okawaru gifted it to you on level 10 of the Dungeon)

   It affects your strength (+3).
   It protects you from fire.
   It lets you see invisible.
 K - a +0 buckler (worn)
Jewellery
 k - an uncursed amulet of magic regeneration
 p - an uncursed ring of protection from fire
 q - an amulet of guardian spirit (around neck)
 B - a +4 ring of evasion (right branch)
 D - a +4 ring of slaying (left branch)
 F - a +6 ring of intelligence {unknown}
 M - a cursed ring of attention {unknown}
 N - an uncursed ring of protection from magic {unknown}
Wands
 z - a wand of flame (16)
 A - a wand of random effects (20)
Scrolls
 g - 11 scrolls of identify
 h - a scroll of amnesia {unknown}
 j - 3 scrolls of enchant armour
 r - a scroll of blinking
 s - 7 scrolls of remove curse
 t - 3 scrolls of magic mapping {unknown}
 v - 2 scrolls of random uselessness {unknown}
 x - 2 scrolls of immolation {unknown}
 y - a scroll of holy word {unknown}
 E - 2 scrolls of fog {unknown}
 H - 2 scrolls of fear {unknown}
Potions
 i - a potion of flight
 u - 2 potions of resistance
 w - a potion of stabbing


   Skills:
 + Level 8.8 Fighting
 - Level 2.0 Short Blades
 * Level 18.0 Slings
 + Level 3.5 Armour
 + Level 10.3 Dodging
 - Level 1.1 Stealth
 + Level 3.2 Shields


You had 11 spell levels left.
You didn't know any spells.
Your spell library contained the following spells:

 Spells                   Type           Power        Failure   Level
 Magic Dart               Conj           #...         45%         1
 Shock                    Conj/Air       #...         45%         1
 Searing Ray              Conj           #.....       58%         2
 Swiftness                Air            #.......     58%         2
 Confusing Touch          Hex            #.......     83%         3
 Dazzling Flash           Conj/Hex       #.....       83%         3
 Gell's Gravitas          Tloc           #.........   83%         3
 Static Discharge         Conj/Air       #.......     83%         3
 Airstrike                Air            #.........   99%         4
 Fulminant Prism          Conj/Hex       #.........   99%         4
 Iskenderun's Mystic Bla  Conj/Tloc      #.......     99%         4
 Petrify                  Tmut/Erth      #.......     99%         4
 Lightning Bolt           Conj/Air       #.........   100%        5
 Metabolic Englaciation   Hex/Ice        #.........   100%        5
 Yara's Violent Unravell  Hex/Tmut       #.........   100%        5


Dungeon Overview and Level Annotations

Branches:
Dungeon (12/15)            Temple (0/1) D:5            Lair (0/6) D:11
    Orc (0/2) D:12

Altars:
Cheibriados
Dithmenos
Fedhas
Gozag
Hepliaklqana
Kikubaaqudgha
Nemelex Xobeh
Okawaru
Ru
Sif Muna
Trog
Uskayaw
Vehumet
Yredelemnul
Beogh

Shops:
D:4 =(}*

Annotations:
D:12 Frances


Innate Abilities, Weirdness & Mutations

You are small and have problems with some larger weapons.
You are somewhat resistant to further mutation.
((You have a pair of small horns on your head.))


Message History

Unknown command.
It was a potion of might.
You feel very mighty all of a sudden. You block the sixfirhy's attack. x2
The sixfirhy hits you but does no damage. x2
Your +1 dagger of venom begins to drip with poison!
b - a +1 dagger of venom (weapon)
You hit the sixfirhy.
The sixfirhy is poisoned.
The sixfirhy is lightly wounded.
You hit the sixfirhy.
The sixfirhy looks even sicker.
The sixfirhy is lightly wounded.
You closely miss Frances. The sixfirhy hits you. The sixfirhy shocks you!
* * * LOW HITPOINT WARNING * * *
The sixfirhy hits you but does no damage. x2
Frances hits you with a +1 flail of holy wrath.
You puncture Frances!
Frances looks as sick as possible!
Frances is lightly wounded.
The sixfirhy hits you but does no damage. x2
The sixfirhy hits you.
You die...

...####.......########..........+
...#............................#
...#.......######...............#
...#.......# #....4......#####
...#.......# #...........#..<.
...#.......# #...........+....
...#.......# #...........#....
...#.......##++##34.........#....
...#............♣@..........#....
...##.......######+###......#....
....#.......#........#......#....
....#.......#........#..... #....
....#.......'........+ .. ####.
....#.......#........####......#.
....#..#######..........#......#.
....#..#.....#..........#......#.
....#..#.....#..........#......#.


You could see Frances (fast, extremely poisoned), a hellwing (summoned), a rust
devil (summoned) and a sixfirhy (summoned, very poisoned).

Vanquished Creatures
  A boulder beetle (D:9)
  A hydra (D:10)
  2 two-headed ogres
  An unseen horror (D:12)
  Pikel (D:4)
  A deep elf mage (D:12)
  An ugly thing (D:12)
  2 centaur zombies
  A gargoyle (D:12)
  A komodo dragon (D:12)
  A kobold demonologist (D:9)
  5 slime creatures (D:12)
  Sigmund (D:5)
  A shadow (D:9)
  5 wyverns
  A yak (D:10)
  3 ice beasts
  3 sky beasts
  2 black bears (D:11)
  7 orc warriors
  4 phantoms
  A black bear (shapeshifter) (D:12)
  A necrophage (D:7)
  6 centaurs
  7 ogres
  A lemure (D:3)
  5 big kobolds
  6 bullfrogs
  A gnoll sergeant (D:11)
  A water moccasin skeleton (D:9)
  6 scorpions
  A wyvern skeleton (D:10)
  4 wights (D:12)
  3 bullfrog zombies
  3 howler monkeys
  A quasit (D:5)
  An iron imp (D:9)
  7 hounds
  11 orc priests
  2 centaur skeletons
  2 jellies (D:10)
  10 orc wizards
  3 bullfrog skeletons
  3 iguanas
  7 worker ants
  4 hound skeletons
  8 gnolls
  A howler monkey skeleton (D:10)
  3 worker ant zombies
  16 adders
  2 shadow imps
  2 white imps
  3 ufetubi
  2 oozes
  4 adder skeletons
  4 worms
  A dart slug (D:3)
  6 leopard geckos
  42 orcs
  2 ball pythons
  5 bats
  7 giant cockroaches
  9 hobgoblins
  15 jackals
  4 quokkas
  7 frilled lizards
  13 goblins
  2 goblin zombies (D:8)
  A jackal skeleton (D:4)
  43 kobolds
  A leopard gecko skeleton (D:4)
  9 rats
354 creatures vanquished.

Notes
Turn   | Place    | Note
-------+----------+-------------------------------------------
     0 | D:1      | Bikalo the Halfling Hunter began the quest for the Orb.
     0 | D:1      | Reached XP level 1. HP: 14/14 MP: 1/1
    42 | D:1      | Reached skill level 6 in Slings
   134 | D:1      | Reached XP level 2. HP: 19/19 MP: 2/2
   275 | D:1      | Reached XP level 3. HP: 24/24 MP: 3/3
  1085 | D:2      | Reached XP level 4. HP: 25/29 MP: 4/4
  1205 | D:2      | Found a radiant altar of Vehumet.
  1316 | D:2      | Found an iron altar of Okawaru.
  1327 | D:2      | Reached skill level 1 in Short Blades
  1459 | D:2      | Became a worshipper of Warmaster Okawaru
  1562 | D:2      | Reached skill level 7 in Slings
  1565 | D:2      | Found a blossoming altar of Fedhas.
  1904 | D:3      | Reached XP level 5. HP: 35/35 MP: 5/5
  2808 | D:3      | Found a shimmering blue altar of Sif Muna.
  3133 | D:4      | Found Naq Negyu's Gadget Shoppe.
  3137 | D:4      | Found Peptusao's Assorted Antiques.
  3146 | D:4      | Bought a wooden ring for 125 gold pieces
  3177 | D:4      | Found a hazy altar of Hepliaklqana.
  3635 | D:4      | Reached skill level 8 in Slings
  3635 | D:4      | Reached XP level 6. HP: 42/42 MP: 6/6
  3639 | D:4      | Found a sacrificial altar of Ru.
  3924 | D:4      | Found a sparkling altar of Nemelex Xobeh.
  4018 | D:4      | Found Coyr's Jewellery Boutique.
  4173 | D:4      | Noticed an ogre
  4179 | D:4      | Killed an ogre
  4179 | D:4      | Reached * piety under Okawaru
  4432 | D:4      | Found Dugais's Antique Weapon Shoppe.
  4501 | D:4      | Noticed Pikel
  5254 | D:4      | Killed Pikel
  5254 | D:4      | Reached skill level 10 in Slings
  5254 | D:4      | Reached XP level 7. HP: 34/48 MP: 7/7
  5254 | D:4      | Reached XP level 8. HP: 38/54 MP: 8/8
  5496 | D:5      | Entered Level 5 of the Dungeon
  5513 | D:5      | Reached skill level 5 in Dodging
  5656 | D:5      | Reached ** piety under Okawaru
  5995 | D:5      | Found a staircase to the Ecumenical Temple.
  6226 | D:5      | Reached skill level 11 in Slings
  6476 | D:5      | Found an ancient bone altar of Kikubaaqudgha.
  6476 | D:5      | Found a basalt altar of Yredelemnul.
  6490 | D:5      | Found a bloodstained altar of Trog.
  6529 | D:5      | Noticed Sigmund
  6538 | D:5      | Killed Sigmund
  6538 | D:5      | Reached skill level 5 in Fighting
  6538 | D:5      | Reached XP level 9. HP: 61/61 MP: 9/9
  6679 | D:5      | Reached skill level 12 in Slings
  6954 | D:5      | Found a shadowy altar of Dithmenos.
  7209 | D:6      | Reached *** piety under Okawaru
  7635 | D:7      | Reached skill level 13 in Slings
  7650 | D:7      | Noticed a two-headed ogre
  7669 | D:7      | Gained mutation: You have a pair of small horns on your
                  | head. [potion of mutation]
  7736 | D:8      | Found a hide-covered altar of Uskayaw.
  7890 | D:8      | Noticed a +0 hand axe
  7890 | D:8      | Noticed a +0 dagger
  8019 | D:8      | Received a gift from Okawaru
  8140 | D:8      | Reached XP level 10. HP: 67/68 MP: 10/10
  8253 | D:8      | Noticed a two-headed ogre
  8265 | D:8      | Killed a two-headed ogre
  8265 | D:8      | Reached skill level 14 in Slings
  8464 | D:8      | Reached **** piety under Okawaru
  9173 | D:7      | Killed a two-headed ogre
  9173 | D:7      | Received a gift from Okawaru
  9173 | D:7      | Reached skill level 15 in Slings
  9366 | D:7      | Received a gift from Okawaru
 10599 | D:6      | Reached XP level 11. HP: 61/75 MP: 11/11
 11536 | D:9      | Found a snail-covered altar of Cheibriados.
 11794 | D:9      | Found a flagged portal.
 12404 | D:10     | Entered Level 10 of the Dungeon
 12419 | D:10     | Reached skill level 16 in Slings
 13030 | D:10     | Reached ***** piety under Okawaru
 13619 | D:10     | Noticed an eight-headed hydra
 13626 | D:10     | Killed an eight-headed hydra
 13924 | D:10     | Noticed a boulder beetle
 13930 | D:10     | Received a gift from Okawaru
 13931 | D:10     | Noticed a boulder beetle
 13994 | D:9      | Killed a boulder beetle
 13994 | D:9      | Reached skill level 17 in Slings
 14342 | D:10     | Got an amethyst-studded plate armour {god gift}
 14353 | D:10     | Identified the +2 plate armour of Morchakust {rF+ Str+3
                  | SInv} (Okawaru gifted it to you on level 10 of the Dungeon)
 14582 | D:11     | Found a staircase to the Lair.
 14769 | D:11     | Reached skill level 1 in Armour
 15305 | D:12     | Reached skill level 1 in Shields
 15372 | D:12     | Reached skill level 10 in Dodging
 15372 | D:12     | Reached XP level 12. HP: 79/84 MP: 10/12
 15440 | D:12     | Found an opulent altar of Gozag.
 15583 | D:12     | Found a staircase to the Orcish Mines.
 15589 | D:12     | Found a roughly hewn altar of Beogh.
 16106 | D:12     | Noticed an unseen horror
 16113 | D:12     | Killed an unseen horror
 16113 | D:12     | Reached skill level 18 in Slings
 16169 | D:12     | Noticed Frances
 16192 | D:12     | Noticed a sixfirhy
 16208 | D:12     | Noticed a two-headed ogre
 16213 | D:12     | Found a basalt altar of Yredelemnul.
 16918 | D:12     | Noticed a sixfirhy
 16927 | D:12     | HP: 1/84 [sixfirhy[Frances] (11)]
 16936 | D:12     | HP: 1/126 [sixfirhy[Frances] (3)]
 16937 | D:12     | Slain by a sixfirhy

Illustrated notes

Levels and vault maps discovered:
D:1:      ncdulo_halloftheorcs, layout_rooms
D:2:      layout_loops_corners, okawaru_altar_gauntlet_db, fedhas_altar_2,
          lemuel_coloured_pillars_altar
D:3:      layout_loops_ring, led_sif_pool, minmay_puff
D:4:      layout_gridville, nicolae_ru_sacrificial_ziggurat,
          overflow_temple_1_default, nemelex_xobeh_ov_fountains_minmay,
          serial_shops, nicolae_shop_behind_doors, shop, kennysheep_mini_moat,
          shop, kennysheep_generic_room_12, uniq_pikel
D:5:      layout_basic, marbit_many_paths,
          chequers_temple_overflow_statue_of_worship,
          minmay_temple_entry_slanted, uniq_sigmund
D:6:      minmay_evil_eye, layout_basic, nicolae_underground_beach
D:7:      layout_basic, minmay_large_rounded_square,
          minmay_misc_feat_four_crosses
D:8:      layout_basic, dancing_weapons_uskayaw, enter_ossuary_4
D:9:      layout_basic, slow_altar_2, enter_bailey_2
D:10:     minmay_the_grid_four_pointed_star_mashed
          [minmay_the_grid_triangle_9x9_descending_squares,
          minmay_the_grid_triangle_9x9_wacky_v,
          minmay_the_grid_triangle_9x9_semitri,
          minmay_the_grid_triangle_9x9_steps, minmay_the_grid_prize_big_room],
          layout_layer_cave
D:11:     layout_loops_ring, lair_entry_dummy
D:12:     minmay_triangles_in_corner, layout_irregular_city,
          minmay_orc_entry_temple_small, basic_altar,
          nicolae_gozag_seed_capital, uniq_frances

Skill      XL: |  1  2  3  4  5  6  7  8  9 10 11 12 |
---------------+-------------------------------------+-----
Slings         | 6 7 8 10 11 13 15 17 18 | 18.0
Fighting       | 2 3 4 5 6 7 8 |  8.8
Short Blades   | 1 2 |  2.0
Dodging        | 3 4 6 7 8 10 | 10.3
Armour         | 1 3 |  3.5
Shields        | 1 3 |  3.2
Stealth        | |  1.1

Action                   |  1- 3 |  4- 6 |  7- 9 | 10-12 || total
-------------------------+-------+-------+-------+-------++-------
Melee: Short sword       |    38 |    90 |    94 |       ||   222
       Headbutt          |       |       |     1 |    49 ||    50
       Dagger            |       |       |       |   201 ||   201
 Fire: Hunting sling     |    48 |   185 |   314 |   789 ||  1336
Throw: Stone             |       |       |    28 |    17 ||    45
Invok: Heroism           |       |       |       |     3 ||     3
       Finesse           |       |       |       |     1 ||     1
  Use: Potion            |       |       |     6 |     7 ||    13
       Scroll            |       |       |     4 |     8 ||    12
 Stab: Sleeping          |       |     1 |     1 |       ||     2
Armor: Leather armour    |    16 |    35 |    37 |    32 ||   120
       Plate armour      |       |       |       |    22 ||    22
       Skin              |       |       |       |     7 ||     7
Dodge: Dodged            |    54 |   127 |   247 |   382 ||   810
Block: Buckler           |       |       |       |    26 ||    26

Table legend: (Time is in decaauts)
 A = Elapsed time spent in this place.
 B = Non-inter-level travel time spent in this place.
 C = Inter-level travel time spent in this place.
 D = Time resting spent in this place.
 E = Time spent auto-exploring this place.
 F = Levels seen in this place.
 G = Mean time per level.
                   A        B        C        D        E       F      G
               +--------+--------+--------+--------+--------+-----+--------+
         Total |  16439 |  15526 |    913 |   2994 |   9822 |  12 | 1369.9 |
       Dungeon |  16439 |  15526 |    913 |   2994 |   9822 |  12 | 1369.9 |
               +--------+--------+--------+--------+--------+-----+--------+

Top non-repeatable levels by time:
     D:3: 1919 daAuts
     D:4: 1776 daAuts
    D:10: 1753 daAuts
     D:5: 1505 daAuts
     D:6: 1484 daAuts
     D:7: 1409 daAuts
     D:9: 1391 daAuts
    D:11: 1346 daAuts
     D:2: 1126 daAuts
     D:8: 1075 daAuts
    D:12: 1010 daAuts
     D:1: 640 daAuts
